 Dungeon Crawl Stone Soup version 0.29-a0-559-g359e09b9d1 (webtiles) character file.

Game seed: 5525640803334648367

259 PoisonJelly the Magician (level 6, 0/43 HPs)
             Began as a Djinni Earth Elementalist on June 10, 2022.
             Slain by a centaur (5 damage)
             ... on level 4 of the Dungeon.
             The game lasted 00:10:42 (4628 turns).

PoisonJelly the Magician (DjEE)                     Turns: 4628, Time: 00:10:42

Health: 0/43       AC:  3    Str:  7    XL:     6   Next: 40%
Gold:   106        EV: 13    Int: 18    God:
                   SH:  0    Dex: 14

rFire   + + .      SeeInvis .   z - +0 dagger (freeze)
rCold   x . .      Faith    .   (no shield)
rNeg    + . .      Spirit   .   b - +0 robe
rPois   ∞          Reflect  .   h - +0 helmet
rElec   .          Harm     .   (no cloak)
rCorr   .          Rampage  .   (no gloves)
Will    .....                   (boots unavailable)
Stlth   ++........              (no amulet)
HPRegen 0.14/turn               w - ring of positive energy
MPRegen 0.00/turn               (no ring)

@: attractive, flying
A: sickness immunity, fire resistance 2, cold vulnerability 1, float, innate
caster, HP casting, extra vitality 1
a: no special abilities


You were on level 4 of the Dungeon.
You visited 1 branch of the dungeon, and saw 4 of its levels.

You collected 106 gold pieces.

Inventory:

Hand Weapons
 g - a +0 dagger
 z - a +0 dagger of freezing (weapon)
Missiles
 o - a throwing net
 u - 65 stones
Armour
 b - a +0 robe (worn)
 h - a +0 helmet (worn)
Jewellery
 w - a ring of positive energy (left hand)
Wands
 B - a wand of flame (4)
Scrolls
 i - 2 scrolls of identify {unknown}
 j - 3 scrolls of magic mapping {unknown}
 k - a scroll of enchant weapon {unknown}
 m - a scroll of enchant armour {unknown}
 p - a scroll of amnesia {unknown}
 q - a scroll of immolation {unknown}
 s - a scroll of brand weapon {unknown}
 t - a scroll of teleportation {unknown}
 x - a scroll of vulnerability {unknown}
 y - a scroll of blinking {unknown}
 C - a scroll of poison {unknown}
Potions
 a - a potion of degeneration {unknown}
 c - 2 potions of attraction
 d - 2 potions of mutation {unknown}
 e - a potion of ambrosia {unknown}
 f - a potion of curing {unknown}
 l - 2 potions of magic {unknown}
 n - a potion of invisibility {unknown}
 r - 3 potions of lignification {unknown}
 v - a potion of cancellation {unknown}
 A - 3 potions of berserk rage {unknown}


   Skills:
 * Level 1.7 Fighting
 + Level 0.2 Short Blades
 * Level 3.1 Dodging
 + Level 2.2 Stealth
 * Level 4.4 Spellcasting


You couldn't memorise any spells.
You knew the following spells:

 Your Spells              Type           Power      Damage    Failure   Level
a - Sandblast             Erth           38%        2d10      2%          1
b - Passwall              Tmut/Erth      15%        N/A       3%          2
c - Stone Arrow           Conj/Erth      38%        3d9       7%          3
d - Petrify               Tmut/Erth      19%        N/A       22%         4
e - Apportation           Tloc           38%        N/A       2%          1
f - Scorch                Fire           38%        2d6       3%          2
Your spell library was empty.

Dungeon Overview and Level Annotations

Branches:
Dungeon (4/15)
 Temple: D:4-7

Altars:
Kikubaaqudgha
Wu Jian

Shops:
D:4 ?


Innate Abilities, Weirdness & Mutations

You are immune to sickness and miasma.
You are immune to poison.
Your flesh is very heat resistant. (rF++)
You are vulnerable to cold. (rC-)
You float through the air rather than walking.
You learn spells naturally, not from books.
Your magical power is your life essence.
You have superior vitality. (+4 MHP)


Message History

There is an open door here.
There is an open door here.
You reach down and open the door.
There is an open door here.
You see here a +0 club.
There is an open door here.
There is a stone staircase leading down here.
There is an open door here.
There is an open door here.
There is an open door here.
You reach down and open the door.
There is an open door here.
You reach down and open the door.
There is an open door here.
You reach down and open the door.
There is an open door here.
A centaur comes into view.
The centaur shouts!
The centaur wields a +0 shortbow.
The centaur shoots an arrow.
The arrow hits you!
Casting: Scorch (safe; 3% risk of failure)
Confirm with . or Enter, or press ? or * to list all spells.
The spell is quite dangerous to miscast (22% risk of failure)!
Continue anyway?
Okay, then.
Found 8 gold pieces.
The centaur shoots an arrow.
The arrow hits you.
The centaur shoots an arrow.
The arrow closely misses you.
The centaur shoots an arrow.
The arrow hits you!
The centaur shoots an arrow.
The arrow hits you!
* * * LOW HITPOINT WARNING * * *
The centaur unwields a +0 shortbow.
The centaur barely misses you. x2
The centaur closely misses you. x2
You hit the centaur but do no damage. The centaur barely misses you.
The centaur kicks you.
* * * LOW HITPOINT WARNING * * *
It was a potion of attraction.
You feel attractive to monsters. The centaur closely misses you.
The centaur barely misses you. The centaur misses you.
The centaur closely misses you.
You barely miss the centaur. The centaur hits you.
You die...

#...........#.....
######..#######.....
#..######.........##
#....# #.........#.
#..$.# #.........#.
#....# #.........#.
#....+ #.........#.
#..c.# #.........#.
## #@# #.........#'
...###.##
##....##+##.
.........+
#....#..##.
.........#
#...##..##.
.........#
#...##.....
.#######.#
#.....∩....
#.#######....###.
#...'...###..###.
#...#...###....#.


You could see a centaur.

Vanquished Creatures
  A scorpion (D:4)
  A hound (D:4)
  An iguana (D:4)
  4 gnolls
  3 adders
  A worm (D:4)
  A dart slug (D:4)
  2 orcs (D:4)
  12 ball pythons
  5 endoplasms
  8 giant cockroaches
  8 goblins
  6 hobgoblins
  3 jackals (D:2)
  2 quokkas
  5 bats
  A frilled lizard (D:2)
  6 kobolds
  4 rats
74 creatures vanquished.

Vanquished Creatures (others)
  2 plants (D:2)
  4 withered plants
6 creatures vanquished.

Grand Total: 80 creatures vanquished

Notes
Turn   | Place    | Note
-------+----------+-------------------------------------------
     0 | D:1      | PoisonJelly the Djinni Earth Elementalist began the quest
                  | for the Orb.
     0 | D:1      | Reached XP level 1. HP: 15/15 MP: 0/0
   320 | D:1      | Reached XP level 2. HP: 21/21 MP: 0/0
   654 | D:1      | Reached XP level 3. HP: 11/26 MP: 0/0
   654 | D:1      | Learned a level 1 spell: Apportation
   910 | D:1      | Reached skill level 3 in Spellcasting
  1865 | D:2      | Found a faded altar of an unknown god.
  1889 | D:2      | Reached skill level 1 in Fighting
  1889 | D:2      | Reached XP level 4. HP: 30/32 MP: 0/0
  2334 | D:2      | You are sucked into a shaft and drop 2 floors!
  2430 | D:4      | Reached XP level 5. HP: 31/37 MP: 0/0
  2430 | D:4      | Learned a level 2 spell: Scorch
  2592 | D:4      | Found an ornate altar of the Wu Jian Council.
  2756 | D:4      | Found Moqeipt's Magic Scroll Emporium.
  3608 | D:3      | Reached skill level 4 in Spellcasting
  4119 | D:4      | Reached XP level 6. HP: 34/42 MP: 0/0
  4628 | D:4      | Slain by a centaur

Illustrated notes

Levels and vault maps discovered:
D:1:      dpeg_arrival_renting, layout_loops_corners
D:2:      layout_basic, shapermc_ecumenical_altar_flowoftime,
          minmay_worlds_worst_comb
D:3:      layout_basic, serial_curves, eino_curves_01, eino_curves_03,
          eino_curves_04, eino_curves_03
D:4:      layout_gridville, kiku_gazebo_garden_becter, marbit_many_paths,
          serial_shops, nicolae_square_shop

Skill      XL: |  1  2  3  4  5 |
---------------+----------------+-----
Spellcasting   | 3 4 |  4.4
Fighting       | 1 |  1.7
Dodging        | 3 |  3.1
Stealth        | 2 |  2.2
Short Blades   | |  0.2

Action                   |  1- 3 |  4- 6 || total
-------------------------+-------+-------++-------
Melee: Dagger            |    14 |    14 ||    28
       Punch             |     1 |       ||     1
 Cast: Sandblast         |    55 |    16 ||    71
       Stone Arrow       |     1 |     5 ||     6
       Scorch            |       |    34 ||    34
  Use: Potion            |       |     1 ||     1
 Stab: Sleeping          |       |     8 ||     8
Armor: Robe              |     3 |     4 ||     7
Dodge: Dodged            |     9 |    25 ||    34

Table legend: (Time is in decaauts)
 A = Elapsed time spent in this place.
 B = Non-inter-level travel time spent in this place.
 C = Inter-level travel time spent in this place.
 D = Time resting spent in this place.
 E = Time spent auto-exploring this place.
 F = Levels seen in this place.
 G = Mean time per level.
                   A        B        C        D        E       F      G
               +--------+--------+--------+--------+--------+-----+--------+
         Total |   4625 |   4587 |     38 |    188 |   3686 |   4 | 1156.2 |
       Dungeon |   4625 |   4587 |     38 |    188 |   3686 |   4 | 1156.2 |
               +--------+--------+--------+--------+--------+-----+--------+

Top non-repeatable levels by time:
     D:2: 1451 daAuts
     D:1: 1307 daAuts
     D:4: 1198 daAuts
     D:3: 668 daAuts
